 Dungeon Crawl Stone Soup version 0.32-a0-314-g526f7d4993 (webtiles) character file.

Game seed: 296099563413356011

1629003 iamserjio the Slayer (level 27, 245/245 HPs)
             Began as a Djinni Monk on Feb 16, 2024.
             Was a High Priest of Hepliaklqana.
             Escaped with the Orb
             ... and 3 runes!
             The game lasted 02:41:57 (75138 turns).

iamserjio the Slayer (Djinni Monk)                 Turns: 75138, Time: 02:41:58

Health: 245/245    AC: 30    Str: 13    XL:     27
Gold:   1391       EV: 29    Int: 21    God:    Hepliaklqana [*****.] SH: 21 Dex: 27

rFire   + + +        J - +9 demon blade (freeze)
rCold   . . .        v - +5 kite shield {reflect}
rNeg    + . .        I - melded +3 ring mail of Apsy {Rampage rF- rC+++ Int+4}
rPois   ∞            (helmet restricted)
rElec   +            U - +2 cloak of Liedil {rPois rF- Str+3 Dex+2}
rCorr   .            o - melded +2 pair of gloves {infuse}
SInv    .            (boots unavailable)
Will    +++..        R - amulet of regeneration
Stlth   ++           b - ring "Igaweanoa" {^Drain rF+++ Will+ Dex+6 Slay+2}
HPRegen 1.40/turn    E - ring of protection from cold
MPRegen 0.00/turn

%: reflection
@: statue-form, flying, studying 3 skills, very slow
A: slow and powerful, torment resistance 1, flying, boosted hp, reduced essence,
sickness immunity, fire resistance 2, cold vulnerability 1, float, innate
caster, HP casting, extra vitality 1, horns 1, (iridescent scales 1), dopey 1
0: Orb of Zot
}: 3/15 runes: serpentine, barnacled, silver
a: Begin Untransformation, Renounce Religion, Recall Ancestor, Ancestor
Identity, Transference, Idealise


You escaped.
You worshipped Hepliaklqana.
Hepliaklqana was extremely pleased with you.
You were a living statue of rough stone.
You visited 11 branches of the dungeon, and saw 51 of its levels.

You collected 8184 gold pieces.
You spent 6793 gold pieces at shops.

Inventory:

Hand Weapons
 H - a +2 quick blade of holy wrath
 J - a +9 demon blade of freezing (weapon)
 S - a +0 long sword of distortion
 W - the +2 war axe of Infinity {drain, ^Fragile +Blink rElec}
   (You bought it in a shop on level 14 of the Dungeon)

   rElec:     It insulates you from electricity.
   +Blink:    It lets you blink.
   ^Fragile:  It will be destroyed if unequipped.
Missiles
 w - 6 throwing nets {!f}
 L - 5 curare-tipped darts
Armour
 o - a +2 pair of gloves of infusion (melded)
 t - a +2 helmet of see invisible
 v - a +5 kite shield of reflection (worn)
 I - the +3 ring mail of Apsy (melded) {Rampage rF- rC+++ Int+4}
   (You found it on level 4 of the Shoals)

   Int+4:     It affects your intelligence (+4).
   rF-:       It makes you vulnerable to fire.
   rC+++:     It renders you almost immune to cold.
   Rampage:   It bestows one free step when moving towards enemies.
 U - the +2 cloak of Liedil (worn) {rPois rF- Str+3 Dex+2}
   (You bought it in a shop on level 14 of the Dungeon)

   Str+3:     It affects your strength (+3).
   Dex+2:     It affects your dexterity (+2).
   rF-:       It makes you vulnerable to fire.
   rPois:     It protects you from poison
Magical Staves
 z - a staff of cold
Jewellery
 b - the ring "Igaweanoa" (left fist) {^Drain rF+++ Will+ Dex+6 Slay+2}
   (You found it on level 4 of the Vaults)

   [ring of dexterity]

   Dex+6:     It affects your dexterity (+6).
   Slay+2:    It affects your accuracy & damage with ranged weapons and melee
   (+2).
   rF+++:     It renders you almost immune to fire.
   Will+:     It increases your willpower.
   ^Drain:    It drains your maximum health when unequipped.
 j - a ring of protection from fire
 n - a ring of wizardry
 y - a ring of protection from cold
 E - a ring of protection from cold (right fist)
 G - a ring of see invisible
 P - the ring of the Hero {Fire rPois rN++ Str-2}
   (You took it off a fire giant on level 5 of the Vaults)

   [ring of fire]

   Fire:      It enhances your fire magic.
   Str-2:     It affects your strength (-2).
   rF+:       It protects you from fire.
   rC-:       It makes you vulnerable to cold.
   rPois:     It protects you from poison rN++: It greatly protects you from
   negative energy.
 R - an amulet of regeneration (around neck)
 X - a ring of resist corrosion
Talismans
 a - a granite talisman (active)
Wands
 g - a wand of charming (37)
 M - a wand of quicksilver (17)
 O - a wand of roots (42)
 Q - a wand of digging (13) {@v3}
Scrolls
 f - 5 scrolls of fear
 i - 7 scrolls of vulnerability
 p - 3 scrolls of blinking {@r4}
 q - a scroll of revelation
 r - 7 scrolls of fog
 B - 11 scrolls of teleportation {@r3}
 D - 2 scrolls of summoning
 F - 3 scrolls of silence
 Y - 6 scrolls of enchant weapon
Potions
 c - 6 potions of ambrosia
 d - 3 potions of cancellation
 e - 7 potions of resistance {@q5}
 h - 29 potions of curing {@q1}
 k - 5 potions of mutation
 s - 5 potions of haste {@q4}
 u - 8 potions of lignification
 A - 5 potions of brilliance
 N - 14 potions of heal wounds {@q2}
 T - 2 potions of might {@q3}
 V - 5 potions of invisibility
 Z - 5 potions of enlightenment
Miscellaneous
 l - a condenser vane
 m - a lightning rod (4/4)
 x - a box of beasts
 C - a phial of floods
 K - a phantom mirror (inert)


   Skills:
 * Level 22.0 Fighting
 + Level 18.0 Long Blades
 - Level 4.5 Armour
 - Level 18.0 Dodging
 - Level 7.0 Stealth
 - Level 15.0 Shields
 + Level 20.6 Spellcasting
 + Level 20.6 Conjurations
 + Level 20.6 Hexes
 + Level 20.6 Summonings
 + Level 20.6 Necromancy
 + Level 20.6 Translocations
 + Level 20.6 Fire Magic
 + Level 20.6 Ice Magic
 + Level 20.6 Air Magic
 + Level 20.6 Earth Magic
 + Level 20.6 Alchemy
 - Level 8.7 Invocations
 - Level 11.2 Evocations
 - Level 16.0 Shapeshifting


You knew the following spells:

 Your Spells              Type           Power      Damage    Failure   Level
a - Freeze                Ice            100%       1d10      0%          1
b - Mercury Vapours       Alch/Air       100%       N/A       0%          2
c - Ozocubu's Armour      Ice            83%        N/A       0%          3
d - Dispel Undead         Necr           83%        3d27      0%          4
e - Fulminant Prism       Conj/Alch      41%        3d19      0%          4
f - Silence               Hex/Air        41%        N/A       1%          5
g - Summon Cactus Giant   Summ           41%        N/A       1%          6
h - Sculpt Simulacrum     Ice/Alch       41%        N/A       1%          6
i - Ozocubu's Refrigerat  Ice            41%        4d16      1%          7
j - Summon Hydra          Summ           41%        N/A       1%          7
k - Summon Horrible Thin  Summ           41%        N/A       5%          8
l - Shatter               Erth           41%        3d32*     65%         9
m - Dragon's Call         Summ           41%        N/A       65%         9
Your spell library was empty.

Dungeon Overview and Level Annotations

Branches:
Dungeon (15/15)            Temple (1/1) D:5            Lair (5/5) D:11
 Shoals (4/4) Lair:3        Snake (4/4) Lair:3        Slime (0/5) Lair:4
    Orc (2/2) D:9             Elf (3/3) Orc:2        Vaults (5/5) D:13
  Crypt (3/3) Vaults:2       Tomb (0/3) Crypt:3      Depths (4/4) D:15
    Zot (5/5) Depths:4

Altars:
Ashenzari
Cheibriados
Dithmenos
Elyvilon
Fedhas
Gozag
Hepliaklqana
Makhleb
Nemelex Xobeh
Okawaru
Qazlal
Ru
Trog
Uskayaw
Wu Jian
Xom
Yredelemnul
Zin
The Shining One
Beogh
Jiyva

Shops:
D:5 [   D:6 *=   D:14 :?(*(   Orc:1 [   Orc:2 :*[(   Elf:1 =[   Elf:2 !
Elf:3 :   Shoals:2 *   Shoals:4 :   Snake:3 ?=:=   Depths:4 :

Portals:
Hell: Depths:1 Depths:2 Depths:3 Depths:4
Abyss: Depths:3 Depths:4
Pandemonium: Depths:2 Depths:4
Ziggurat: Depths:4
Trove: Vaults:2 (show slimy rune of Zot)

Annotations:
D:6 1 runed translucent door
Lair:2 exclusion: oklob plant


Innate Abilities, Weirdness & Mutations

You are a living statue of rough stone.
Your actions are slow, but your melee attacks are powerful.
You are resistant to unholy torment.
You are flying.
Your maximum health is greatly increased.
Your equipment is partially melded.
Your life essence is reduced to manifest your ancestor. (-10% HP)
You are immune to sickness and miasma.
You are immune to poison.
Your flesh is very heat resistant. (rF++)
You are vulnerable to cold. (rC-)
You float through the air rather than walking.
You learn spells naturally, not from books.
Your magical power is your life essence.
You have superior vitality. (+4 MHP)
You have a pair of small horns on your head.
((You are partially covered in iridescent scales. (AC +2)))
You are dopey. (Int -2)


Message History

You resist with almost no effort.
The golden eye blinks!
Judi hits the golden eye with a +0 lajatang of freezing!!
Judi freezes the golden eye.
The golden eye dies!
You block the hellion's attack. The golden eye blinks at you.
You resist with almost no effort. The golden eye blinks at you.
You resist with almost no effort. The hellion attacks as it pursues you!
You block the hellion's attack.
Judi gestures at the hellion while chanting.
The bolt of magma hits the hellion!!
The golden eye blinks at you. You resist with almost no effort.
The hellion hits Judi.
The golden eye blinks at you. You resist with almost no effort.
Judi closely misses the hellion.
There is a stone staircase leading up here.
You open the hellion like a pillowcase!!!
You freeze the hellion.
You kill the hellion!
The golden eye blinks at you. You resist with almost no effort.
Judi hits the golden eye with a +0 lajatang of freezing!!
Judi freezes the golden eye.
The golden eye dies!
The golden eye blinks at you. You resist with almost no effort.
Judi is no longer moving quickly.
Ancestor HP restored.
Judi casts a spell at the golden eye.
The bolt of magma hits the golden eye!!!
The golden eye dies!
You fly upwards.
There is a stone staircase leading down here.
Your magical contamination has completely faded away.
You reach down and open the door.
There is an open door here.
There is a staircase leading out of the dungeon here.
You have escaped!

#....# ####.######.#.# #....
##....# #..........(#.# #....
.'....# ##..##########.# #)..#
##....# #..........÷...# #...#
##....# #..##'#'#+##...# #...#
##....# #####.#.#.####.#
###### ##....# ##♣.P.P.♣###.#
#..... ####.## ##.......###.#
#..... ####.##
##...I...###.####..... ......#
############....'..... ......#
##⌠..1..⌠########..... ......#
##.......## ###### ####.##
##⌠.♣_♣.⌠## # #
#.###########♣##### #
#........######### #
########.#.......#############
#.#....................


You could see an Ice Fiend.

Vanquished Creatures
  A dread lich (Vaults:5)
  2 ancient liches
  A juggernaut (Depths:4)
  A pandemonium lord (D:3)
  Vashnia (Snake:3)
  2 curse toes
  Nikola (Shoals:1)
  4 golden dragons
  Norris (Vaults:1)
  A bone dragon (Crypt:3)
  2 electric golems
  2 tentacled monstrosities
  5 Orb Guardians
  3 liches
  2 deep elf master archers (Elf:3)
  A quicksilver dragon (Zot:3)
  3 sphinxes
  2 titans (Vaults:5)
  5 ancient champions
  A searing wretch (Vaults:1)
  4 death cobs
  Frances (D:12)
  3 shadow dragons
  Gastronok (Lair:3)
  5 tengu reavers
  Aizul (Snake:1)
  2 nagarajas
  5 storm dragons
  4 revenants (Crypt:3)
  3 draconian monks
  A protean progenitor (Zot:3)
  4 frost giants
  A deep elf sorcerer (Elf:3)
  2 draconian shifters
  2 iron dragons
  A spectral juggernaut (Depths:3)
  2 deep elf elementalists
  A balrug (D:15)
  9 fire giants
  3 draconian scorchers
  A ghoul (Crypt:2)
  4 orc warlords
  A curse skull (Crypt:1)
  A spectral caustic shrike (Depths:3)
  4 draconian stormcallers
  12 vault wardens
  A spriggan defender (Depths:3)
  A draconian annihilator (Zot:3)
  10 very ugly things
  10 ironbound preservers
  A formless jellyfish (Vaults:1)
  5 stone giants
  6 vampire knights
  5 ironbound thunderhulks
  3 deep elf demonologists
  3 purple draconians
  6 green draconians
  9 deep elf death magi
  5 red draconians
  2 dire elephants (Vaults:2)
  4 spectral titans (Depths:3)
  2 black draconians
  2 yellow draconians (Zot:3)
  3 war gargoyles
  3 deep elf annihilators
  4 spark wasps (Depths:3)
  7 white draconians
  6 eidola
  6 ettins
  5 jiangshi
  A mummy priest (Crypt:3)
  3 deep elf high priests
  A merfolk impaler (Shoals:4)
  2 spectral golden dragons (Depths:3)
  5 yaktaur captains
  23 vault guards
  3 great orbs of eyes
  A spectral shadow dragon (Depths:3)
  3 ice dragons
  2 fire dragons
  3 spectral spriggans (Depths:3)
  A salamander tyrant (Snake:4)
  2 spectral tengu (Depths:3)
  2 ironbound frosthearts
  A spectral sphinx (Depths:3)
  2 spriggan air magi (Depths:3)
  2 hydras (D:14)
  A merfolk aquamancer (Shoals:2)
  2 catoblepae (Lair:5)
  A juggernaut simulacrum (Depths:3)
  2 merfolk avatars
  3 peacekeepers
  An alligator snapping turtle (Shoals:2)
  4 centaur warriors
  2 anacondas (Snake:4)
  A death knight (Crypt:1)
  A radroach (shapeshifter) (Vaults:5)
  An ogre mage (Vaults:5)
  A spectral fire giant (Depths:3)
  A jorogumo (Zot:3)
  A spriggan skeleton (Crypt:3)
  2 boulder beetles
  12 dancing weapons
  A spectral frost giant (Depths:3)
  5 two-headed ogres
  3 naga warriors
  7 tengu warriors
  3 deep troll shamans
  3 satyrs
  2 deep troll earth magi
  3 orc high priests (Orc:2)
  8 death yaks
  4 vampire magi
  11 naga sharpshooters
  2 spriggan berserkers
  A shock serpent (Snake:1)
  2 occultists
  11 deep elf knights
  5 sun demons
  A titan skeleton (Crypt:3)
  2 soul eaters
  7 hell knights
  A skyshark (shapeshifter) (Depths:4)
  14 skeletal warriors
  A spark wasp zombie (Crypt:3)
  Amaemon (D:8)
  3 salamander mystics
  2 iron trolls
  3 arcanists
  2 skysharks (Shoals:2)
  25 deep trolls
  3 flayed ghosts
  4 naga ritualists
  An orb spider (shapeshifter) (Elf:3)
  2 orange crystal statues (Depths:3)
  5 sea snakes
  A bog body (Crypt:1)
  5 deep elf archers
  6 glowing orange brains
  5 large abominations (Depths:1)
  3 mana vipers (Snake:2)
  9 ironbound convokers
  A necromancer (Vaults:2)
  8 orc knights
  7 deep elf pyromancers
  6 deep elf zephyrmancers
  9 phantasmal warriors
  4 harpies
  3 salamanders
  18 ugly things
  5 fauns
  A stone giant zombie (Vaults:4)
  3 orc sorcerers
  5 cyclopes
  7 manticores
  A fire giant skeleton (Crypt:3)
  25 black mambas
  5 elephants
  4 moths of wrath
  3 merfolk sirens
  2 water nymphs (Shoals:4)
  11 vault sentinels
  2 storm dragon simulacra (Depths:3)
  6 naga magi
  A titan simulacrum (Depths:3)
  3 cane toads
  A water nymph (shapeshifter) (Vaults:5)
  A gargoyle (D:13)
  2 orange demons
  A hellion (D:2)
  2 freezing wraiths
  19 yaktaurs
  6 komodo dragons
  A yaktaur zombie (Vaults:2)
  A sea snake zombie (Crypt:3)
  2 rime drakes
  A spectral glowing shapeshifter (Depths:3)
  18 merfolk
  2 sun moth zombies
  3 trolls
  A hornet (D:9)
  2 polar bears
  3 wind drakes
  A merfolk (shapeshifter) (Vaults:5)
  An elf zombie (Vaults:4)
  An ettin zombie (Vaults:2)
  11 blink frogs
  A tengu simulacrum (Depths:3)
  2 dream sheep (Shoals:1)
  Grinder (D:5)
  A jumping spider (Snake:4)
  3 snapping turtles (Shoals:4)
  14 slime creatures
  5 spriggans (Lair:4)
  A shadow (D:8)
  2 wyverns
  A black mamba zombie (Crypt:3)
  A ynoxinul (Depths:2)
  3 air elementals
  4 wraiths
  3 vampires
  A slime creature zombie (Crypt:2)
  4 water elementals
  3 basilisks
  2 golden eyes (D:2)
  Grum (D:11)
  A warg (Orc:2)
  3 vampire mosquitoes (D:12)
  40 yaks
  A steam dragon (D:8)
  A skyshark zombie (Crypt:1)
  A chaos spawn (D:10)
  A harpy simulacrum (Crypt:3)
  11 nagas
  9 water moccasins
  An acid dragon (D:13)
  A culicivora (shapeshifter) (Vaults:5)
  8 nameless horrors
  Duvessa (D:5)
  4 black bears
  15 orc warriors
  8 laughing skulls
  4 ice beasts
  11 wolves
  An ogre (Vaults:5)
  A tengu (D:11)
  7 centaurs
  A lindwurm skeleton (Crypt:2)
  3 boggarts (D:15)
  A dream sheep skeleton (Crypt:2)
  2 phantoms (D:6)
  A hog skeleton (Crypt:3)
  A fire crab zombie (Crypt:1)
  7 kobold brigands
  7 bullfrogs
  2 scorpions (D:5)
  A gnoll sergeant (D:12)
  A necrophage (Crypt:2)
  2 earth elementals (Elf:2)
  3 small abominations (Depths:1)
  8 wights
  A water moccasin skeleton (D:4)
  2 killer bees
  An electric eel (Lair:3)
  6 howler monkeys
  A human simulacrum (Vaults:4)
  A jelly (Lair:4)
  19 orc priests
  2 bombardier beetles
  A hound (D:6)
  A gnoll bouda (D:5)
  A human zombie (D:6)
  An iguana (D:3)
  Ijyb (D:3)
  2 human skeletons
  18 orc wizards
  2 scorpion zombies (D:4)
  2 hell rats (Lair:1)
  2 hound zombies (D:4)
  A hound skeleton (D:4)
  10 gnolls
  7 adders
  3 white imps
  2 ufetubi (D:6)
  2 adder zombies (D:4)
  A dart slug (D:3)
  4 ribbon worms
  77 orcs
  7 ball pythons
  A bat skeleton (Crypt:3)
  6 endoplasms
  6 giant cockroaches
  4 hobgoblins
  2 bats
  5 frilled lizards
  7 goblins
  22 kobolds
  5 rats (D:1)
1177 creatures vanquished.

Vanquished Creatures (collateral kills)
  An ancient lich (Vaults:4)
  An orb of fire (Zot:1)
  2 Killer Klowns
  2 curse toes
  Margery (Vaults:2)
  2 golden dragons
  A Tzitzimitl (Depths:3)
  2 hellephants
  3 tentacled monstrosities
  10 Orb Guardians
  3 liches
  2 Ice Fiends
  Rupert (Snake:1)
  A pandemonium lord (D:10)
  3 deep elf blademasters
  4 sphinxes
  5 quicksilver dragons
  A titan (Vaults:5)
  A death cob (Zot:4)
  8 ancient champions
  5 storm dragons
  5 shadow dragons
  5 tengu reavers
  Donald (Orc:2)
  2 revenants
  5 nagarajas (Snake:4)
  A draconian knight (Depths:4)
  3 draconian monks (Zot:1)
  2 balrugs
  2 draconian shifters
  A fire giant (Depths:4)
  2 deep elf sorcerers
  9 vault wardens
  A curse skull (Crypt:3)
  3 draconian stormcallers
  12 frost giants
  4 ghouls
  2 draconian annihilators (Zot:1)
  A spectral caustic shrike (Depths:3)
  A reaper (Crypt:3)
  2 deep elf elementalists
  An iron dragon (Depths:3)
  5 draconian scorchers
  An orc warlord (Orc:2)
  A demonspawn blood saint (D:14)
  The ghost of Lech the Eclecticist, an adept DECj of Sif Muna (Depths:1)
  5 ironbound thunderhulks
  6 stone giants
  A juggernaut skeleton (Crypt:1)
  8 ironbound preservers
  A spriggan defender (Depths:4)
  7 very ugly things
  6 deep elf death magi
  2 formless jellyfish
  5 green draconians
  2 vampire knights
  3 black draconians
  6 purple draconians
  A lorocyproca (D:10)
  2 spectral titans (Depths:3)
  5 deep elf demonologists
  2 deep elf annihilators (Elf:3)
  The ghost of mn3067 the Grappler, a journeyman TrFi of Wu Jian (D:12)
  4 dire elephants
  3 war gargoyles
  3 white draconians
  3 yellow draconians
  3 red draconians (Zot:1)
  5 merfolk impalers
  2 merfolk javelineers (Shoals:4)
  A green death (Depths:2)
  4 eidola
  3 yaktaur captains
  3 fire dragons
  3 crystal guardians
  5 ettins
  3 blizzard demons
  2 great orbs of eyes
  A spectral quicksilver dragon (Depths:3)
  2 deep elf high priests (Vaults:5)
  A mummy priest (Crypt:3)
  A rakshasa (Depths:1)
  2 spectral tengu (Depths:3)
  An ice dragon (Depths:2)
  An entropy weaver (Vaults:3)
  2 hydras
  3 jiangshi
  2 spectral spriggans (Depths:3)
  2 juggernaut simulacra (Depths:3)
  A spectral sphinx (Depths:3)
  A fenstrider witch zombie (Crypt:3)
  Fannar (Lair:2)
  A spectral golden dragon (Depths:3)
  A catoblepas (Lair:5)
  2 peacekeepers
  2 anacondas (Snake:4)
  14 vault guards
  2 salamander tyrants
  3 ironbound frosthearts (Vaults:3)
  A jorogumo (Zot:3)
  5 merfolk aquamancers
  2 merfolk avatars
  5 centaur warriors
  19 dancing weapons
  A satyr (Shoals:4)
  2 alligator snapping turtles
  A spectral frost giant (Depths:3)
  3 boulder beetles
  5 death yaks
  11 naga warriors
  2 tengu warriors
  4 vampire magi
  3 deep troll earth magi (Vaults:5)
  4 spriggan berserkers
  4 two-headed ogres
  A quicksilver ooze zombie (Crypt:2)
  A sphinx skeleton (Crypt:2)
  11 naga sharpshooters
  A spectral storm dragon (Depths:3)
  9 hell knights
  9 deep elf knights
  5 skysharks
  3 soul eaters
  4 sun demons
  An orc high priest (Orc:2)
  4 shock serpents
  3 iron trolls
  19 skeletal warriors
  19 deep trolls
  9 sea snakes
  2 shadow wraiths (Vaults:5)
  10 mana vipers
  A glowing orange brain (Depths:2)
  A spectral spark wasp (Depths:3)
  4 arcanists
  A glowing orange brain (shapeshifter) (Vaults:4)
  2 shadow demons
  5 phantasmal warriors
  10 ironbound convokers
  10 naga ritualists
  An iron dragon zombie (Crypt:3)
  7 harpies
  10 deep elf archers
  2 flayed ghosts
  10 orc knights
  15 deep elf pyromancers
  17 deep elf zephyrmancers
  6 lindwurms
  2 necromancers
  3 orc sorcerers
  2 sphinx simulacra (Depths:3)
  16 ugly things
  3 cyclopes
  11 salamanders
  6 fauns
  8 manticores
  9 moths of wrath
  12 naga magi
  38 black mambas
  A rust devil (D:10)
  7 elephants
  2 cane toads (Lair:2)
  2 water nymphs
  4 merfolk sirens
  2 smoke demons
  4 guardian serpents
  An orange demon (D:3)
  3 hellions
  A gargoyle (D:11)
  A titan simulacrum (Depths:3)
  5 vault sentinels
  2 unseen horrors
  A komodo dragon (shapeshifter) (Elf:2)
  3 kobold demonologists (D:12)
  A freezing wraith (D:14)
  13 yaktaurs
  2 guardian mummies (Crypt:3)
  A tengu conjurer (Elf:1)
  2 komodo dragons
  25 merfolk
  2 golden dragon simulacra (Depths:3)
  An unseen horror skeleton (Crypt:3)
  A troll (Orc:1)
  A wind drake (shapeshifter) (D:14)
  4 blink frogs
  A tarantella (Vaults:3)
  A tengu simulacrum (Depths:3)
  9 snapping turtles
  A harpy skeleton (Crypt:3)
  2 glass eyes (Depths:3)
  3 wind drakes (Shoals:4)
  3 dream sheep
  An air elemental (Elf:1)
  11 slime creatures
  A spriggan (Lair:4)
  A centaur simulacrum (D:15)
  A wyvern (Lair:3)
  4 ushabtiu (Crypt:3)
  13 yaks
  2 shadows
  13 water elementals
  A wraith (D:11)
  2 vampires (Vaults:2)
  2 basilisks
  2 fire elementals
  6 golden eyes (D:2)
  A warg (Orc:2)
  A redback (Vaults:3)
  A yak (shapeshifter) (D:13)
  A fire bat zombie (Crypt:2)
  A glowing shapeshifter zombie (Vaults:2)
  A naga (shapeshifter) (Elf:1)
  An acid dragon (D:13)
  3 small abominations (Depths:1)
  A human zombie (Vaults:2)
  38 nagas
  A deep troll skeleton (Crypt:1)
  4 water moccasins
  7 nameless horrors
  30 orc warriors
  5 laughing skulls (Crypt:1)
  A black bear (Lair:1)
  7 ogres
  2 boggarts
  3 centaurs
  5 wolves
  6 kobold brigands (D:12)
  3 bullfrogs
  An earth elemental (Elf:3)
  A necrophage (Crypt:2)
  A glowing shapeshifter simulacrum (Depths:3)
  A naga simulacrum (Crypt:3)
  4 wights (D:5)
  Dowan (D:5)
  A troll zombie (Crypt:2)
  An electric eel (Lair:3)
  A shapeshifter skeleton (Crypt:3)
  2 howler monkeys
  A spriggan skeleton (Crypt:1)
  17 orc priests
  3 jellies (Lair:4)
  A gnoll bouda (D:5)
  11 orc wizards
  5 hell rats (Lair:1)
  A naga skeleton (Crypt:3)
  An ogre skeleton (Crypt:2)
  A tengu skeleton (Crypt:2)
  7 gnolls
  32 orcs
  2 endoplasms (Lair:4)
  A kobold (D:4)
  A gnoll skeleton (Crypt:3)
  A kobold skeleton (Crypt:3)
1077 creatures vanquished.

Vanquished Creatures (others)
  A draconian scorcher (Zot:3)
  A black draconian (Zot:1)
  A yellow draconian (Zot:1)
  A deep elf zephyrmancer (Elf:3)
  A cane toad (Lair:5)
  A merfolk (Shoals:3)
  A red devil (D:10)
  A kobold brigand (D:12)
  An ancestor (D:11)
  85 battlemagi
  An orc wizard (Orc:2)
  A fulminant prism (D:13)
96 creatures vanquished.

Grand Total: 2350 creatures vanquished

Notes
Turn   | Place    | Note
-------+----------+-------------------------------------------
     0 | D:1      | iamserjio the Djinni Monk began the quest for the Orb.
     0 | D:1      | Reached XP level 1. HP: 20/20 MP: 0/0
    85 | D:1      | Reached XP level 2. HP: 22/25 MP: 0/0
   307 | D:1      | Reached XP level 3. HP: 29/30 MP: 0/0
   307 | D:1      | Learned a level 1 spell: Freeze
  1241 | D:2      | Reached XP level 4. HP: 34/36 MP: 0/0
  1685 | D:2      | Found a sacrificial altar of Ru.
  1713 | D:2      | Reached XP level 5. HP: 34/41 MP: 0/0
  1713 | D:2      | Learned a level 2 spell: Mercury Vapours
  2165 | D:3      | Noticed Ijyb
  2184 | D:3      | Killed Ijyb
  2185 | D:3      | Reached skill level 4 in Fighting
  2492 | D:2      | Reached XP level 6. HP: 44/48 MP: 0/0
  2512 | D:3      | Identified the +3 scale mail of Voracious the Leaf {rPois
                  | rC++ Str-3 Dex+3}
  2755 | D:1      | Prayed at the altar of an unknown god.
  2755 | D:1      | Became a worshipper of Elyvilon the Healer
  2755 | D:1      | Reached * piety under Elyvilon
  2755 | D:1      | Reached ** piety under Elyvilon
  2811 | D:3      | Reached skill level 5 in Long Blades
  3049 | D:3      | Reached *** piety under Elyvilon
  3181 | D:3      | Reached skill level 1 in Invocations
  4385 | D:4      | Reached XP level 7. HP: 52/53 MP: 0/0
  4385 | D:4      | Learned a level 3 spell: Ozocubu's Armour
  4734 | D:4      | Reached skill level 1 in Evocations
  5049 | D:4      | Reached skill level 5 in Fighting
  5167 | D:4      | Identified the +4 dagger of the Purse {drain, rC+}
  5190 | D:4      | Reached XP level 8. HP: 54/59 MP: 0/0
  5467 | D:5      | Entered Level 5 of the Dungeon
  5467 | D:5      | Noticed Duvessa
  5467 | D:5      | Noticed Dowan
  5476 | D:5      | Killed Dowan
  5477 | D:5      | Reached skill level 1 in Spellcasting
  5477 | D:5      | Reached skill level 1 in Conjurations
  5477 | D:5      | Reached skill level 1 in Hexes
  5477 | D:5      | Reached skill level 1 in Summonings
  5477 | D:5      | Reached skill level 1 in Necromancy
  5477 | D:5      | Reached skill level 1 in Translocations
  5477 | D:5      | Reached skill level 1 in Fire Magic
  5477 | D:5      | Reached skill level 1 in Ice Magic
  5477 | D:5      | Reached skill level 1 in Air Magic
  5477 | D:5      | Reached skill level 1 in Earth Magic
  5477 | D:5      | Reached skill level 1 in Alchemy
  5492 | D:5      | Killed Duvessa
  5568 | D:5      | Reached **** piety under Elyvilon
  6044 | D:5      | Noticed Grinder
  6073 | D:5      | Paralysed by Grinder for 5 turns
  6091 | D:5      | Killed Grinder
  6092 | D:5      | Reached skill level 5 in Spellcasting
  6092 | D:5      | Reached skill level 5 in Conjurations
  6092 | D:5      | Reached skill level 5 in Hexes
  6092 | D:5      | Reached skill level 5 in Summonings
  6092 | D:5      | Reached skill level 5 in Necromancy
  6092 | D:5      | Reached skill level 5 in Translocations
  6092 | D:5      | Reached skill level 5 in Fire Magic
  6092 | D:5      | Reached skill level 5 in Ice Magic
  6092 | D:5      | Reached skill level 5 in Air Magic
  6092 | D:5      | Reached skill level 5 in Earth Magic
  6092 | D:5      | Reached skill level 5 in Alchemy
  6092 | D:5      | Reached XP level 9. HP: 65/65 MP: 0/0
  6092 | D:5      | Learned a level 4 spell: Dispel Undead
  6274 | D:5      | Found Agiwaxy's Antique Armour Shoppe.
  6281 | D:5      | Bought a heavily runed scale mail for 180 gold pieces
  6281 | D:5      | Identified the +1 scale mail of Plasticity {rElec rN+
                  | Slay+2} (You bought it in a shop on level 5 of the Dungeon)
  6451 | D:5      | Found a staircase to the Ecumenical Temple.
  6460 | Temple   | Entered the Ecumenical Temple
  6727 | D:6      | Found Myoch's Elemental Accessories.
  6849 | D:6      | Found Igime's Jewellery Boutique.
  7350 | D:6      | Found a runed translucent door.
  7355 | D:6      | Found a basalt altar of Yredelemnul.
  7962 | D:6      | Reached XP level 10. HP: 65/72 MP: 0/0
  7976 | D:6      | Reached skill level 6 in Fighting
  8201 | D:7      | Reached ***** piety under Elyvilon
  8429 | D:7      | Found a sparkling altar of Nemelex Xobeh.
  8704 | D:8      | Noticed Amaemon
  8704 | D:8      | Noticed an orange demon
  8861 | D:8      | Noticed a deep elf pyromancer
  8879 | D:8      | Killed a deep elf pyromancer
  9032 | D:8      | Killed an orange demon
  9138 | D:8      | Killed Amaemon
  9139 | D:8      | Reached skill level 7 in Fighting
  9407 | D:8      | Reached XP level 11. HP: 69/79 MP: 0/0
  9407 | D:8      | Learned a level 4 spell: Fulminant Prism
 10304 | D:9      | Reached skill level 10 in Long Blades
 10422 | D:9      | Found a shimmering altar of Xom.
 10465 | D:9      | Reached skill level 1 in Armour
 10487 | D:9      | Found a white marble altar of Elyvilon.
 10489 | D:9      | Found a hazy altar of Hepliaklqana.
 10491 | D:9      | Found a bloodstained altar of Trog.
 10492 | D:9      | Found a blossoming altar of Fedhas.
 10492 | D:9      | Found a broken altar of Ashenzari.
 10497 | D:9      | Fell from the grace of Elyvilon
 10497 | D:9      | Became a worshipper of Hepliaklqana the Forgotten
 10578 | D:8      | Reached skill level 8 in Fighting
 10648 | D:9      | Noticed a two-headed ogre
 10661 | D:9      | Killed a two-headed ogre
 10883 | D:9      | Noticed a two-headed ogre
 11421 | D:9      | Killed a two-headed ogre
 11629 | D:9      | Reached skill level 5 in Dodging
 11918 | D:9      | Found a roughly hewn altar of Beogh.
 11918 | D:9      | Found a staircase to the Orcish Mines.
 12032 | D:10     | Entered Level 10 of the Dungeon
 12077 | D:10     | Identified the +0 robe of Watchfulness {rF++}
 12157 | D:10     | Reached * piety under Hepliaklqana
 12328 | D:10     | Reached XP level 12. HP: 73/78 MP: 0/0
 13171 | D:11     | Noticed Grum
 13324 | D:11     | Killed Grum
 13406 | D:11     | Found a staircase to the Lair.
 13494 | D:11     | Reached ** piety under Hepliaklqana
 13495 | D:11     | Remembered your ancestor Judi as a battlemage
 13887 | D:11     | Found Atteum's Magic Scroll Boutique.
 13891 | D:11     | Bought a scroll of teleportation for 42 gold pieces
 13891 | D:11     | Bought a scroll of fear for 56 gold pieces
 13891 | D:11     | Bought a scroll of teleportation for 42 gold pieces
 13891 | D:11     | Bought a scroll of poison for 56 gold pieces
 14072 | D:11     | Found a blossoming altar of Fedhas.
 14183 | D:12     | Noticed Frances
 14218 | Lair:1   | Entered Level 1 of the Lair of Beasts
 14243 | Lair:1   | Noticed Joseph
 14361 | Lair:2   | Noticed a four-headed hydra
 14388 | Lair:2   | Killed a four-headed hydra
 14681 | Lair:2   | Reached *** piety under Hepliaklqana
 14736 | Lair:2   | Noticed Fannar
 14765 | Lair:2   | Killed Fannar
 14766 | Lair:2   | Reached skill level 9 in Fighting
 15278 | Lair:1   | Reached XP level 13. HP: 77/84 MP: 0/0
 15278 | Lair:1   | Learned a level 5 spell: Silence
 15423 | Lair:1   | Joseph changed into Joseph the blink frog
 15423 | Lair:1   | Noticed Joseph
 15428 | Lair:1   | Killed Joseph the blink frog
 16620 | Lair:3   | Noticed Gastronok
 16652 | Lair:3   | Killed Gastronok
 16653 | Lair:3   | Reached skill level 10 in Fighting
 16959 | Lair:3   | Found a staircase to the Snake Pit.
 17008 | Lair:3   | Found a staircase to the Shoals.
 17461 | Lair:3   | Found a staircase to the Snake Pit.
 17546 | Lair:3   | Found a staircase to the Shoals.
 18480 | Lair:4   | Reached skill level 5 in Evocations
 18721 | Lair:4   | Reached **** piety under Hepliaklqana
 18721 | Lair:4   | Found a viscous altar of Jiyva.
 18722 | Lair:4   | Found a staircase to the Slime Pits.
 18735 | Lair:4   | Reached XP level 14. HP: 80/92 MP: 0/0
 19019 | Lair:4   | Noticed Nessos
 19020 | Lair:4   | Nessos changed into Nessos the manticore
 19020 | Lair:4   | Noticed Nessos
 19027 | Lair:4   | Killed Nessos the manticore
 19230 | Lair:5   | Entered Level 5 of the Lair of Beasts
 19598 | Lair:5   | Reached skill level 10 in Dodging
 19700 | Lair:5   | Reached skill level 11 in Fighting
 21202 | Lair:5   | Reached skill level 12 in Fighting
 21410 | Lair:5   | Identified the ring of Siduy {EV+5 Int+3 Slay-6 Stlth+}
 21931 | D:12     | Found a hazy altar of Hepliaklqana.
 21997 | D:12     | Reached XP level 15. HP: 101/101 MP: 0/0
 21997 | D:12     | Learned a level 6 spell: Summon Cactus Giant
 22048 | D:12     | Killed Frances
 22049 | D:12     | Reached skill level 1 in Shields
 22693 | D:12     | Found a runed translucent gate.
 22693 | D:12     | Found a runed translucent gate.
 22693 | D:12     | Noticed mn3067's ghost (journeyman TrFi)
 22694 | D:12     | Found a runed translucent gate.
 22878 | D:12     | Found a hazy altar of Hepliaklqana.
 23117 | D:12     | Found a runed translucent gate.
 23117 | D:12     | Found a runed translucent gate.
 23118 | D:12     | Found a runed translucent gate.
 23571 | D:13     | Reached skill level 13 in Fighting
 24380 | D:13     | Found a gate to the Vaults.
 25073 | D:13     | Reached skill level 10 in Spellcasting
 25073 | D:13     | Reached skill level 10 in Conjurations
 25073 | D:13     | Reached skill level 10 in Hexes
 25073 | D:13     | Reached skill level 10 in Summonings
 25073 | D:13     | Reached skill level 10 in Necromancy
 25073 | D:13     | Reached skill level 10 in Translocations
 25073 | D:13     | Reached skill level 10 in Fire Magic
 25073 | D:13     | Reached skill level 10 in Ice Magic
 25073 | D:13     | Reached skill level 10 in Air Magic
 25073 | D:13     | Reached skill level 10 in Earth Magic
 25073 | D:13     | Reached skill level 10 in Alchemy
 25501 | D:14     | Found Qissit's Assorted Antiques.
 25517 | D:14     | Bought a heavily runed cloak for 323 gold pieces
 25517 | D:14     | Identified the +2 cloak of Liedil {rPois rF- Str+3 Dex+2}
                  | (You bought it in a shop on level 14 of the Dungeon)
 25517 | D:14     | Bought a scroll of blinking for 255 gold pieces
 25597 | D:14     | Found Seemp's Antique Weapon Shoppe.
 25672 | D:14     | Reached skill level 5 in Invocations
 25741 | D:14     | Found a shimmering altar of Xom.
 25761 | D:14     | Found Muokhliq's Antique Weapon Boutique.
 25846 | D:14     | Found Beshreutt's Magic Scroll Shop.
 26252 | D:14     | Found Itum's Book Shoppe.
 26665 | D:15     | Entered Level 15 of the Dungeon
 27097 | D:15     | Reached skill level 14 in Fighting
 27097 | D:15     | Reached XP level 16. HP: 105/105 MP: 0/0
 27718 | D:15     | Reached XP level 17. HP: 85/116 MP: 0/0
 27718 | D:15     | Learned a level 6 spell: Sculpt Simulacrum
 28112 | D:15     | Found a staircase to the Depths.
 28429 | D:5      | Bought a pair of gloves for 90 gold pieces
 28692 | Orc:1    | Entered Level 1 of the Orcish Mines
 28699 | Orc:1    | Paralysed by an orc sorcerer for 2 turns
 28755 | Orc:1    | Found Munuwkaf's Antique Armour Emporium.
 28767 | Orc:1    | Found a roughly hewn altar of Beogh.
 28916 | Orc:2    | Entered Level 2 of the Orcish Mines
 30094 | Orc:2    | Noticed Donald
 30100 | Orc:2    | Killed Donald
 30132 | Orc:2    | Found a staircase to the Elven Halls.
 31208 | Orc:2    | Reached skill level 5 in Shields
 31443 | Orc:2    | Found Qaske's Antique Armour Shop.
 31444 | Orc:2    | Found Herpheru's Antique Weapon Shop.
 31446 | Orc:2    | Found Saoqu's General Store.
 31446 | Orc:2    | Found Xeal's Book Boutique.
 31464 | Orc:2    | Bought a scroll of identify for 26 gold pieces
 31626 | D:6      | Bought a ring of protection from cold for 350 gold pieces
 31797 | D:12     | Killed mn3067's ghost
 31955 | Snake:1  | Entered Level 1 of the Snake Pit
 32030 | Snake:1  | Found a huge runed translucent gate.
 32030 | Snake:1  | Found a huge runed translucent gate.
 32040 | Snake:1  | Found a huge runed translucent gate.
 32041 | Snake:1  | Found a huge runed translucent gate.
 32041 | Snake:1  | Found a huge runed translucent gate.
 32832 | Snake:1  | Noticed Rupert
 32853 | Snake:1  | Killed Rupert
 33732 | Snake:1  | Identified the serpent talisman "Diaptewk" {rElec Dex+3}
 33732 | Snake:1  | Noticed Aizul
 33742 | Snake:1  | Killed Aizul
 34406 | Snake:2  | Reached XP level 18. HP: 121/121 MP: 0/0
 35827 | Snake:3  | Found Nucaafi's Jewellery Shop.
 35828 | Snake:3  | Found Feketic's Book Shoppe.
 35829 | Snake:3  | Found Useffalu's Jewellery Shop.
 36173 | Snake:3  | Noticed Vashnia
 36222 | Snake:3  | Reached skill level 1 in Shapeshifting
 36426 | Snake:3  | Killed Vashnia
 36986 | Snake:3  | Found Wofuaxe's Magic Scroll Emporium.
 37219 | Snake:4  | Entered Level 4 of the Snake Pit
 37449 | Snake:4  | Reached skill level 10 in Shields
 37814 | Snake:4  | Reached skill level 5 in Shapeshifting
 39080 | Snake:4  | Reached XP level 19. HP: 126/126 MP: 0/0
 39080 | Snake:4  | Learned a level 7 spell: Ozocubu's Refrigeration
 39275 | Snake:4  | Got a serpentine rune of Zot
 39999 | Snake:4  | Reached skill level 10 in Shapeshifting
 41158 | Shoals:1 | Entered Level 1 of the Shoals
 41280 | D:14     | Bought a scroll of enchant armour for 97 gold pieces
 41882 | Shoals:1 | Noticed Nikola
 41899 | Shoals:1 | Killed Nikola
 42137 | Shoals:1 | Identified the +7 flail of Omotuapa {venom, +Blink rPois
                  | Str-4 Stlth+}
 42892 | Shoals:2 | Found Yxuhaud's General Store.
 42896 | Shoals:2 | Found Zecamukarch's Specific Store.
 42904 | Shoals:2 | Bought a potion of heal wounds for 60 gold pieces
 43954 | Shoals:3 | Reached XP level 20. HP: 132/132 MP: 0/0
 44547 | Shoals:4 | Entered Level 4 of the Shoals
 45171 | Shoals:4 | Found Poorigy's Book Emporium.
 45849 | Shoals:4 | Got a barnacled rune of Zot
 46135 | Shoals:4 | Identified the +3 ring mail of Apsy {Rampage rF- rC+++
                  | Int+4}
 46538 | Snake:3  | Bought a granite talisman for 720 gold pieces
 46822 | Elf:1    | Entered Level 1 of the Elven Halls
 47018 | Elf:1    | Paralysed by an air elemental for 1 turns
 47191 | Elf:1    | Reached skill level 15 in Shapeshifting
 47368 | Elf:1    | Paralysed by an air elemental for 1 turns
 47437 | Elf:1    | Found Quahib's Jewellery Boutique.
 47448 | Elf:1    | Found Awnewn's Antique Armour Shop.
 48496 | Snake:3  | Bought a ring of willpower for 300 gold pieces
 48913 | Elf:2    | Reached XP level 21. HP: 123/136 MP: 0/0
 48913 | Elf:2    | Learned a level 7 spell: Summon Hydra
 49413 | Elf:2    | Found Detautoti's Distillery.
 49619 | Elf:2    | Found a runed translucent gate.
 49619 | Elf:2    | Found a runed translucent gate.
 49621 | Elf:2    | Found a runed translucent gate.
 49784 | Elf:3    | Entered Level 3 of the Elven Halls
 49945 | Elf:3    | Found Hutantol's Book Emporium.
 50722 | Elf:3    | Identified the +5 mace of Suhuigrehi {heavy, rElec rPois
                  | rC- Dex+8}
 50722 | Elf:3    | Identified the amulet "Putoq" {Faith rElec}
 51253 | Elf:3    | Identified the +9 long sword of Fuhor {flame, rN++ Will+
                  | Str-4 Int+5}
 51718 | Elf:3    | Identified the +2 war axe of Ykucaome {protect, Int+5}
 52429 | Elf:3    | Identified the +0 leather armour "Wyudghuq" {*Slow +Blink
                  | Dex+5}
 52630 | Elf:3    | Identified the +6 shortbow "Elovasap" {drain, Dex+2}
 52741 | Elf:3    | Found Hutantol's Book Emporium.
 53726 | Orc:2    | Bought a glowing scarf for 304 gold pieces
 53932 | D:14     | Bought a runed scarf for 272 gold pieces
 53932 | D:14     | Bought a scroll of fog for 136 gold pieces
 53977 | Vaults:1 | Entered Level 1 of the Vaults
 54045 | Vaults:1 | Noticed Norris
 54059 | Vaults:1 | Killed Norris
 54164 | Vaults:1 | Found a huge runed translucent gate.
 54164 | Vaults:1 | Found a huge runed translucent gate.
 54164 | Vaults:1 | Found a huge runed translucent gate.
 54164 | Vaults:1 | Found a huge runed translucent gate.
 54164 | Vaults:1 | Found a huge runed translucent gate.
 54164 | Vaults:1 | Found a huge runed translucent gate.
 54164 | Vaults:1 | Found a huge runed translucent gate.
 54164 | Vaults:1 | Found a huge runed translucent gate.
 54164 | Vaults:1 | Found a huge runed translucent gate.
 54165 | Vaults:1 | Found a huge runed translucent gate.
 54165 | Vaults:1 | Found a huge runed translucent gate.
 54165 | Vaults:1 | Found a huge runed translucent gate.
 54165 | Vaults:1 | Found a huge runed translucent gate.
 54165 | Vaults:1 | Found a huge runed translucent gate.
 54165 | Vaults:1 | Found a huge runed translucent gate.
 54169 | Vaults:1 | Found a huge runed translucent gate.
 54170 | Vaults:1 | Found a huge runed translucent gate.
 54171 | Vaults:1 | Found a huge runed translucent gate.
 54171 | Vaults:1 | Found a huge runed translucent gate.
 54171 | Vaults:1 | Found a huge runed translucent gate.
 54173 | Vaults:1 | Found a huge runed translucent gate.
 54174 | Vaults:1 | Found a huge runed translucent gate.
 54175 | Vaults:1 | Found a huge runed translucent gate.
 54175 | Vaults:1 | Found a huge runed translucent gate.
 54317 | Vaults:1 | Found a huge runed translucent gate.
 54318 | Vaults:1 | Found a huge runed translucent gate.
 54318 | Vaults:1 | Found a huge runed translucent gate.
 54318 | Vaults:1 | Found a huge runed translucent gate.
 54318 | Vaults:1 | Found a huge runed translucent gate.
 54320 | Vaults:1 | Found a huge runed translucent gate.
 54321 | Vaults:1 | Found a huge runed translucent gate.
 54322 | Vaults:1 | Found a huge runed translucent gate.
 54322 | Vaults:1 | Found a huge runed translucent gate.
 54327 | Vaults:1 | Found a huge runed translucent gate.
 54328 | Vaults:1 | Found a huge runed translucent gate.
 54328 | Vaults:1 | Found a huge runed translucent gate.
 54342 | Vaults:1 | Reached skill level 15 in Fighting
 54549 | Vaults:1 | Reached XP level 22. HP: 144/144 MP: 0/0
 55808 | Vaults:2 | HP: 2/185 [crystal guardian/crystal bolt[a peacekeeper]
                  | (23)]
 56080 | Vaults:2 | Noticed Margery
 56085 | Vaults:2 | Killed Margery
 56087 | Vaults:2 | Killed the ghostly Margery
 56088 | Vaults:2 | Reached skill level 15 in Spellcasting
 56088 | Vaults:2 | Reached skill level 15 in Conjurations
 56088 | Vaults:2 | Reached skill level 15 in Hexes
 56088 | Vaults:2 | Reached skill level 15 in Summonings
 56088 | Vaults:2 | Reached skill level 15 in Necromancy
 56088 | Vaults:2 | Reached skill level 15 in Translocations
 56088 | Vaults:2 | Reached skill level 15 in Fire Magic
 56088 | Vaults:2 | Reached skill level 15 in Ice Magic
 56088 | Vaults:2 | Reached skill level 15 in Air Magic
 56088 | Vaults:2 | Reached skill level 15 in Earth Magic
 56088 | Vaults:2 | Reached skill level 15 in Alchemy
 56296 | Vaults:2 | Found a portal to a secret trove of treasure.
 56669 | Vaults:2 | Found a staircase to the Crypt.
 57024 | Vaults:3 | Reached XP level 23. HP: 149/149 MP: 0/0
 57024 | Vaults:3 | Learned a level 8 spell: Summon Horrible Things
 57124 | Vaults:3 | Identified the +0 leather armour of Tuhukhlill {Str+4}
 57645 | Vaults:3 | Reached ***** piety under Hepliaklqana
 58432 | Vaults:4 | Reached skill level 10 in Evocations
 59333 | Vaults:4 | Identified the ring "Igaweanoa" {^Drain rF+++ Will+ Dex+6
                  | Slay+2}
 59626 | Depths:1 | Entered Level 1 of the Depths
 60010 | Depths:1 | Found a gateway to Hell.
 60144 | Depths:1 | Found a runed translucent gate.
 60144 | Depths:1 | Found a runed translucent gate.
 60144 | Depths:1 | Found a runed translucent gate.
 60144 | Depths:1 | Noticed Lech's ghost (adept DECj)
 60245 | Depths:1 | Reached skill level 16 in Fighting
 60245 | Depths:1 | Reached XP level 24. HP: 157/157 MP: 0/0
 60593 | Depths:1 | Identified a scroll of acquirement
 60601 | Depths:1 | Identified the +0 ring mail of the Wilderness {Regen+
                  | Int+3}
 60887 | Depths:1 | Killed Lech's ghost
 61614 | Depths:2 | Found a one-way gate leading to the halls of Pandemonium.
 61903 | Depths:2 | Acquired a manual of Dodging
 62233 | Depths:3 | Reached skill level 17 in Fighting
 62384 | Depths:3 | Found a one-way gate to the infinite horrors of the Abyss.
 62405 | Depths:3 | Identified the +1 robe of the Five Interlopers {Archmagi}
 62438 | Depths:3 | Reached skill level 15 in Dodging
 62441 | Depths:3 | Reached XP level 25. HP: 165/165 MP: 0/0
 62441 | Depths:3 | Learned a level 9 spell: Shatter
 62545 | Depths:3 | Identified the +1 chain mail of Zealous Birdsong {Dex+4}
 62546 | Depths:3 | Identified the +7 spear of Nolo Contendere {flame, rF+ rC+
                  | rN+}
 62550 | Depths:3 | Acquired a ring of see invisible
 62870 | Depths:3 | Reached XP level 26. HP: 173/173 MP: 0/0
 63322 | Depths:4 | Entered Level 4 of the Depths
 63378 | Depths:4 | Found a one-way gateway to a ziggurat.
 63430 | Depths:4 | Found Lyisio's Book Emporium.
 63704 | Depths:4 | Identified the +7 mace of Wyrd {holy, *Noise rCorr Str+5
                  | Stlth+}
 63754 | Depths:4 | Found a gate to the Realm of Zot.
 63758 | Depths:4 | Noticed a juggernaut
 63861 | Depths:3 | Reached skill level 18 in Fighting
 63955 | Depths:4 | Reached ****** piety under Hepliaklqana
 64351 | Depths:4 | Killed a juggernaut
 64402 | Depths:4 | Found a sparkling altar of Nemelex Xobeh.
 64469 | Depths:3 | Acquired 968 gold pieces
 65686 | Crypt:1  | Entered Level 1 of the Crypt
 66116 | Crypt:1  | Reached XP level 27. HP: 180/180 MP: 0/0
 66116 | Crypt:1  | Learned a level 9 spell: Dragon's Call
 66865 | Crypt:3  | Entered Level 3 of the Crypt
 66886 | Crypt:3  | Reached skill level 19 in Fighting
 67265 | Crypt:3  | Reached skill level 15 in Shields
 67323 | Crypt:3  | Reached skill level 15 in Long Blades
 67525 | Crypt:3  | Found a staircase to the Tomb.
 67687 | Crypt:3  | Found a basalt altar of Yredelemnul.
 67702 | Crypt:3  | Identified the ring "Durr" {Fire Dex+4}
 67732 | Crypt:3  | Identified the staff of Limuorr {rC+ SInv Ice}
 67733 | Crypt:3  | Identified the staff of Siosus {rF+ rCorr Fire}
 68068 | Vaults:5 | Entered Level 5 of the Vaults
 68193 | Vaults:5 | Noticed an ancient lich
 68349 | Vaults:4 | Killed an ancient lich
 68518 | Vaults:5 | Got a silver rune of Zot
 68592 | Vaults:5 | Reached skill level 1 in Stealth
 68621 | Vaults:5 | Reached skill level 20 in Fighting
 68774 | Vaults:5 | Noticed an ancient lich
 68789 | Vaults:5 | Killed an ancient lich
 68794 | Vaults:5 | Noticed a dread lich
 68802 | Vaults:5 | Killed a dread lich
 69186 | Vaults:5 | Identified the +2 leather armour of Qazlal's Fury {rElec}
 69668 | Vaults:5 | Identified the +4 executioner's axe "Qetiaggu" {vamp, rCorr
                  | Dex-5 SInv}
 69668 | Vaults:5 | Identified the ring of the Hero {Fire rPois rN++ Str-2}
 69828 | Vaults:5 | Identified the +1 great sword "Eqok" {freeze, rN+++ Int-5
                  | Dex+4 SInv}
 69851 | Vaults:5 | Gained mutation: You are weak. (Str -2) [mutagenic glow]
 70048 | Vaults:5 | Reached skill level 5 in Stealth
 70121 | Vaults:5 | Identified the +0 plate armour of Ennui {Str+6}
 70444 | D:11     | Bought a scroll of teleportation for 42 gold pieces
 70444 | D:11     | Bought a scroll of silence for 133 gold pieces
 70444 | D:11     | Bought a scroll of enchant weapon for 105 gold pieces
 70444 | D:11     | Bought a scroll of teleportation for 42 gold pieces
 70584 | Elf:2    | Bought a potion of heal wounds for 80 gold pieces
 70584 | Elf:2    | Bought a potion of mutation for 128 gold pieces
 70584 | Elf:2    | Bought a potion of ambrosia for 128 gold pieces
 70584 | Elf:2    | Bought a potion of curing for 48 gold pieces
 70584 | Elf:2    | Bought a potion of invisibility for 128 gold pieces
 70584 | Elf:2    | Bought 2 potions of curing for 96 gold pieces
 70584 | Elf:2    | Bought a potion of curing for 48 gold pieces
 70584 | Elf:2    | Bought 2 potions of brilliance for 128 gold pieces
 70910 | Snake:3  | Bought a scroll of teleportation for 51 gold pieces
 70910 | Snake:3  | Bought a scroll of fear for 68 gold pieces
 71164 | Shoals:2 | Bought a potion of cancellation for 104 gold pieces
 71392 | Orc:2    | Bought an ichor-stained morningstar for 261 gold pieces
 71392 | Orc:2    | Identified the +8 morningstar "Goewnyuf" {antimagic, Will+
                  | rCorr Str+3} (You bought it in a shop on level 2 of the
                  | Orcish Mines)
 71600 | D:14     | Bought a twisted war axe for 331 gold pieces
 71600 | D:14     | Identified the +2 war axe of Infinity {drain, ^Fragile
                  | +Blink rElec} (You bought it in a shop on level 14 of the
                  | Dungeon)
 71600 | D:14     | Bought a bloodstained spear for 312 gold pieces
 71600 | D:14     | Identified the +5 spear of Texutoto {elec, rElec rF- rN+
                  | Dex+6} (You bought it in a shop on level 14 of the Dungeon)
 71663 | D:14     | Bought a wand of quicksilver (4) for 571 gold pieces
 71663 | D:14     | Bought a wand of charming (5) for 408 gold pieces
 71663 | D:14     | Bought a potion of ambrosia for 272 gold pieces
 71832 | Zot:1    | Entered Level 1 of the Realm of Zot
 72148 | Zot:1    | Noticed an orb of fire
 72153 | Zot:1    | Killed an orb of fire
 72240 | Zot:2    | Reached skill level 21 in Fighting
 72379 | Zot:4    | Noticed a Killer Klown
 72387 | Zot:4    | Killed a Killer Klown
 72419 | Zot:3    | Noticed a Killer Klown
 72429 | Zot:3    | Killed a Killer Klown
 72622 | Zot:5    | Entered Level 5 of the Realm of Zot
 73187 | Zot:5    | Noticed an ancient lich
 73195 | Zot:5    | Killed an ancient lich
 73499 | Zot:5    | Gained mutation: You are frail. (-10% HP) [mutagenic glow]
 73534 | Zot:5    | Lost mutation: You are frail. (-10% HP) [potion of
                  | mutation]
 73534 | Zot:5    | Lost mutation: You are weak. (Str -2) [potion of mutation]
 74527 | Zot:5    | Noticed an orb of fire
 74527 | Zot:5    | Noticed a dread lich
 74527 | Zot:5    | Noticed an orb of fire
 74527 | Zot:5    | Noticed a Killer Klown
 74527 | Zot:5    | Gained mutation: You occasionally shout uncontrollably at
                  | your foes. [an orb of fire]
 74528 | Zot:5    | Gained mutation: Your flesh is almost immune to the effects
                  | of heat. (rF+++) [an orb of fire]
 74532 | Zot:5    | Got the Orb of Zot
 74532 | Zot:5    | Noticed an orb of fire
 74533 | Zot:5    | Noticed a dread lich
 74533 | Zot:5    | Noticed an ancient lich
 74533 | Zot:5    | Gained mutation: You are occasionally teleported next to
                  | monsters. [an orb of fire]
 74534 | Zot:5    | Noticed an ancient lich
 74570 | Zot:4    | Lost mutation: Your flesh is almost immune to the effects
                  | of heat. (rF+++) [potion of mutation]
 74570 | Zot:4    | Lost mutation: You are occasionally teleported next to
                  | monsters. [potion of mutation]
 74570 | Zot:4    | Lost mutation: You occasionally shout uncontrollably at
                  | your foes. [potion of mutation]
 74570 | Zot:4    | Gained mutation: You have a pair of small horns on your
                  | head. [potion of mutation]
 74570 | Zot:4    | Gained mutation: You are dopey. (Int -2) [potion of
                  | mutation]
 74570 | Zot:4    | Gained mutation: You are partially covered in iridescent
                  | scales. (AC +2) [potion of mutation]
 74858 | D:10     | Noticed Hege the pandemonium lord
 74863 | D:10     | Killed Hege the pandemonium lord
 75044 | D:3      | Noticed Kuemyl the pandemonium lord
 75052 | D:3      | Killed Kuemyl the pandemonium lord
 75053 | D:3      | Reached skill level 22 in Fighting
 75138 | D:$      | Escaped with the Orb!

Illustrated notes

Levels and vault maps discovered:
D:1:      spicycebolla_arrival_ecumenical, layout_basic
D:2:      layout_basic, basic_altar
D:3:      layout_loops_ring, serial_park_tiny_pond, uniq_ijyb
D:4:      layout_loops_ring, serial_undead, serial_undead_c, serial_undead_c,
          serial_undead_d, serial_undead_e
D:5:      layout_cave_pools, hellmonk_sif_muna_bookshelves,
          minmay_temple_entry_fiery, serial_shops, shop, uniq_duvessa,
          uniq_grinder
D:6:      layout_loops_corners, dk_yredelemnul_ordeal, nicolae_take_the_stairs,
          nicolae_elemental_shop
D:7:      layout_cave_pools, kennysheep_little_box
D:8:      layout_loops_corners, uniq_amaemon
D:9:      minmay_four_partial_circles, layout_rooms, grunt_temple_overflow_open,
          old_standard_altar, david_orc_5
D:10:     layout_gridville
D:11:     layout_loops_cross, hellmonk_lair_entry_icy, serial_shops, shop,
          fedhas_altar_4, uniq_grum
D:12:     layout_long_grid, gammafunk_ghost_nasty_kobolds,
          nicolae_hepliaklqana_hazy_memory, uniq_frances
D:13:     layout_basic, erik_vaults_2
D:14:     layout_layer_cave, xom_teletrap_fun, serial_shops,
          nicolae_shop_behind_doors, shop, shop_statue, shop, shop
D:15:     grunt_enter_depths_snipers, layout_rooms, grunt_decor_one_mirror
Temple:   jpeg_temple_clearing
Lair:1:   layout_layer_cave, uniq_joseph
Lair:2:   layout_roguey, infiniplex_staircase_pool_2, uniq_fannar
Lair:3:   layout_regular_city, elwin_shoals_entry_stream,
          minmay_snake_entry_guardpost_medium, infiniplex_staircase_pool,
          uniq_gastronok
Lair:4:   layout_misc_corridors, nicolae_slime_entry_slimehenge, wad_woods_01,
          serial_bayou_shore_a, uniq_nessos
Lair:5:   evilmike_catoblepas_cave, layout_gridlike
Shoals:1: layout_shoals, uniq_nikola
Shoals:2: layout_shoals, nicolae_specific_store
Shoals:3: layout_shoals, nicolae_shoals_lost_giant_pillars
Shoals:4: shoals_end_grunt_ice, layout_shoals, serial_shops,
          nicolae_shop_rolling_square
Snake:1:  layout_onion_interference, hangedman_venom_bottle, uniq_rupert,
          uniq_aizul
Snake:2:  layout_concentric_octagons
Snake:3:  layout_grid_maze, basic_altar, serial_shops, shop, grunt_megastairs_5,
          minmay_shop_grove, lemuel_fruit_tree, uniq_vashnia
Snake:4:  snake_pit, layout_onion, nicolae_snake_springs, grunt_megastairs_3
Orc:1:    layout_caves, serial_shops, shop, basic_altar
Orc:2:    st_orc_congregation, layout_caves, uniq_donald
Elf:1:    eino_elf_arrival_the_gate, layout_onion_city, hangedman_elf_disciples,
          minmay_shoptagon
Elf:2:    nicolae_elf_blades_splatter_lattice [nicolae_blade_entry_antechamber],
          layout_onion_city, serial_shops, nicolae_shop_just_a_little_nook
Elf:3:    elf_hall_gauntlet_wide, layout_loops_cross, serial_shops, shop
Vaults:1: nicolae_vaults_network_quinsquares
          [nicolae_vaults_network_quincunx_subvault,
          nicolae_vaults_network_quincunx_subvault,
          nicolae_vaults_network_quincunx_subvault,
          nicolae_vaults_network_quincunx_subvault], not_door_vault_due,
          nicolae_vaults_closet_pinwheel_1, vaults_room_stairs_pillars,
          nicolae_vaults_closet_pinwheel_1, ontoclasm_vaults_pinch,
          nicolae_vaults_storage_closets_3, nicolae_vaults_tetromino_Z_2,
          v_misc_12, nicolae_vaults_angled_halls, ontoclasm_vaults_hangar,
          layout_vaults_ring, uniq_norris
Vaults:2: v_rooms_1, nicolae_vaults_tetromino_Z_2, nicolae_vaults_alarming,
          minmay_crypt_entry_vampire_xt, v_misc_9, v_misc_16,
          nicolae_vaults_trapezoid_3, hangedman_vaults_stagger,
          vaults_dpeg_hooks, nicolae_vaults_storage_closets_2,
          nicolae_vaults_closet_pinwheel_4, nicolae_vaults_crenellated_ambush,
          v_misc_17, layout_vaults_omnicross, nicolae_trove_entry_diagonal,
          uniq_margery
Vaults:3: nicolae_vaults_stepped_doors, nicolae_vaults_house_1,
          nicolae_vaults_network_barrier, vaults_room_door_ring, v_misc_26,
          v_misc_1, nicolae_vaults_border_crossing, vaults_room_grid,
          nicolae_vaults_two_Ls, vaults_dpeg_emergency_exit,
          layout_vaults_quadrants
Vaults:4: hangedman_vaults_stitches, vaults_room_grid, hangedman_vaults_stream,
          nicolae_vaults_octothorpe, nicolae_vaults_house_2, vaults_dpeg_cross,
          nicolae_vaults_little_squares_1, nicolae_vaults_off_center_swirl,
          nicolae_vaults_closet_pinwheel_3, ontoclasm_vaults_idyll,
          vaults_room_door_ring, v_alt_pattern_3,
          nicolae_vaults_surprise_closet, layout_vaults_maze_snakey
Vaults:5
Crypt:1:  layout_misc_corridors, serial_sigils_hangedman_writhe,
          nicolae_crypt_deepening_niches
Crypt:2:  layout_misc_corridors
Crypt:3:  lightli_unholy_cathedral, layout_chaotic_city,
          nicolae_tomb_entry_rubble_hallway, small_statue_intersection
Depths:1: layout_roguey, pf_coc_iceberg, ebering_ghost_rock_garden,
          roderic_serpentine_path, chequers_big_river, laboratory
Depths:2: grunt_house_of_mirrors, layout_long_grid, grunt_pan_entry_zigzag,
          hell_entry, kennysheep_decorative_pillar
Depths:3: lemuel_river_lethe, hell_entry, abyss_entry
Depths:4: evilmike_zot_entry_argh, layout_cave_pools, enter_ziggurat_f,
          pan_entry, hangedman_decor_opposing, lightli_too_deep, serial_shops,
          shop, abyss_entry, nemelex_diamond_rough_becter
Zot:1:    grunt_twist_and_shout, layout_cathedral_of_symmetry,
          regret_index_zotdec_storm_pass, st_stairs_8, nicolae_diode_stairs
Zot:2:    nicolae_zot_stationary_front, layout_misc_corridors, uniq_parghit
Zot:3:    layout_concentric_octagons
Zot:4:    layout_cathedral_of_symmetry, regret_index_zotdec_banners
Zot:5:    layout_twisted_circle

Skill      XL: |  1  2  3  4  5  6  7  8  9 10 11 12 13 14 15 16 17 18 19 20 21 22 23 24 25 26 27 |
---------------+----------------------------------------------------------------------------------+-----
Long Blades    | 3 4 5 6 7 9 11 12 14 18 | 18.0
Fighting       | 4 5 7 8 9 10 12 14 15 16 17 18 22 | 22.0
Invocations    | 1 3 5 7 8 |  8.7
Evocations     | 1 2 5 6 8 11 | 11.2
Spellcasting   | 5 6 7 8 9 10 11 13 14 16 17 18 20 | 20.6
Conjurations   | 5 6 7 8 9 10 11 13 14 16 17 18 20 | 20.6
Hexes          | 5 6 7 8 9 10 11 13 14 16 17 18 20 | 20.6
Summonings     | 5 6 7 8 9 10 11 13 14 16 17 18 20 | 20.6
Necromancy     | 5 6 7 8 9 10 11 13 14 16 17 18 20 | 20.6
Translocations | 5 6 7 8 9 10 11 13 14 16 17 18 20 | 20.6
Fire Magic     | 5 6 7 8 9 10 11 13 14 16 17 18 20 | 20.6
Ice Magic      | 5 6 7 8 9 10 11 13 14 16 17 18 20 | 20.6
Air Magic      | 5 6 7 8 9 10 11 13 14 16 17 18 20 | 20.6
Earth Magic    | 5 6 7 8 9 10 11 13 14 16 17 18 20 | 20.6
Alchemy        | 5 6 7 8 9 10 11 13 14 16 17 18 20 | 20.6
Armour         | 3 4 |  4.5
Dodging        | 5 7 9 11 12 15 16 18 | 18.0
Shields        | 3 8 10 11 13 14 15 | 15.0
Shapeshifting  | 7 12 15 16 | 16.0
Stealth        | 7 |  7.0

Action                     |  1- 3 |  4- 6 |  7- 9 | 10-12 | 13-15 | 16-18 | 19-21 | 22-24 | 25-27 || total
---------------------------+-------+-------+-------+-------+-------+-------+-------+-------+-------++-------
  Melee: Falchion          |    62 |    65 |   277 |   568 |   759 |   227 |       |       |       ||  1958
         Dagger            |     6 |   126 |    46 |       |    31 |    59 |       |       |       ||   268
         Scimitar          |       |       |       |       |       |   249 |   653 |    85 |       ||   987
         Demon blade       |       |       |       |       |       |       |       |   842 |  1167 ||  2009
         Headbutt          |       |       |       |       |       |       |       |       |    13 ||    13
  Throw: Boomerang         |       |     5 |       |     1 |       |       |       |       |       ||     6
         Dart              |       |       |       |     5 |     2 |     4 |       |       |       ||    11
   Cast: Mercury Vapours   |       |       |    12 |    33 |    42 |    14 |       |       |       ||   101
         Ozocubu's Armour  |       |       |       |     5 |     9 |     1 |       |       |       ||    15
         Fulminant Prism   |       |       |       |       |     1 |       |       |       |       ||     1
         Summon Cactus Gia |       |       |       |       |       |    84 |    57 |    23 |    27 ||   191
         Sculpt Simulacrum |       |       |       |       |       |     1 |       |       |       ||     1
         Silence           |       |       |       |       |       |       |     1 |       |       ||     1
         Summon Horrible T |       |       |       |       |       |       |       |       |    12 ||    12
 Invoke: Recall Ancestor   |       |       |       |    10 |    26 |    19 |    13 |     6 |     9 ||    83
         Ancestor Life: Ba |       |       |       |     1 |       |       |       |       |       ||     1
         Idealise          |       |       |       |       |     5 |     7 |    10 |     2 |    12 ||    36
  Evoke: Wand              |       |     2 |    13 |    12 |    17 |    25 |    12 |       |     2 ||    83
         Box of beasts     |       |       |       |       |       |       |     1 |       |       ||     1
         Condenser vane    |       |       |       |       |       |       |     1 |       |       ||     1
         Phantom mirror    |       |       |       |       |       |       |     1 |       |     1 ||     2
    Use: Scroll            |     1 |     3 |     3 |     9 |    12 |    13 |     8 |    20 |    26 ||    95
         Potion            |       |     1 |       |       |     1 |       |       |     2 |     9 ||    13
   Stab: Distracted        |       |       |     1 |     2 |    13 |     8 |    24 |    39 |    42 ||   129
         Sleeping          |       |       |       |       |       |     1 |     2 |       |       ||     3
 Armour: Robe              |    33 |    30 |       |       |       |       |       |       |       ||    63
         Leather armour    |       |    26 |       |       |       |       |       |       |       ||    26
         Scale mail        |       |    45 |   269 |   499 |   481 |    88 |       |       |       ||  1382
         Steam dragon scal |       |       |       |       |       |   256 |   202 |       |       ||   458
         Skin              |       |       |       |       |       |       |   180 |   524 |   799 ||  1503
  Dodge: Dodged            |    35 |    85 |   124 |   242 |   340 |   424 |   416 |   523 |  1149 ||  3338
  Block: Kite shield       |       |       |       |       |       |   264 |   630 |   945 |  1424 ||  3263
         Reflection        |       |       |       |       |       |    48 |   112 |    36 |    21 ||   217
   Form: Statue            |       |       |       |       |       |       |     2 |       |     1 ||     3
                           |       |       |       |       |       |       |     1 |       |     1 ||     2

Table legend: (Time is in decaauts)
 A = Elapsed time spent in this place.
 B = Non-inter-level travel time spent in this place.
 C = Inter-level travel time spent in this place.
 D = Time resting spent in this place.
 E = Time spent auto-exploring this place.
 F = Levels seen in this place.
 G = Mean time per level.
                   A        B        C        D        E       F      G
               +--------+--------+--------+--------+--------+-----+--------+
         Total |  88132 |  76585 |  11547 |  21928 |  37600 |  51 | 1728.1 |
       Dungeon |  25014 |  20159 |   4855 |   5148 |  10708 |  15 | 1667.6 |
        Temple |      1 |      1 |      0 |      0 |      0 |   1 |    1.0 |
          Lair |   7604 |   6914 |    690 |   1395 |   4313 |   5 | 1520.8 |
        Shoals |   4915 |   4483 |    432 |   1548 |   1729 |   4 | 1228.8 |
     Snake Pit |  10921 |   8824 |   2097 |   4116 |   2854 |   4 | 2730.2 |
  Orcish Mines |   3419 |   2620 |    799 |   1019 |   1034 |   2 | 1709.5 |
   Elven Halls |  10047 |   9400 |    647 |   3490 |   4287 |   3 | 3349.0 |
        Vaults |  11835 |  10792 |   1043 |   2040 |   6201 |   5 | 2367.0 |
         Crypt |   3237 |   3064 |    173 |    118 |   2155 |   3 | 1079.0 |
        Depths |   7152 |   6377 |    775 |    746 |   3846 |   4 | 1788.0 |
           Zot |   3982 |   3950 |     32 |   2305 |    472 |   5 |  796.4 |
               +--------+--------+--------+--------+--------+-----+--------+

Top non-repeatable levels by time:
   Elf:3: 5060 daAuts
 Snake:1: 3156 daAuts
   Zot:5: 2855 daAuts
 Snake:3: 2837 daAuts
Vaults:1: 2825 daAuts
Vaults:5: 2686 daAuts
 Snake:4: 2651 daAuts
   Orc:2: 2602 daAuts
   Elf:2: 2602 daAuts
   Elf:1: 2385 daAuts
Vaults:4: 2384 daAuts
Depths:3: 2373 daAuts
  Lair:5: 2319 daAuts
    D:12: 2290 daAuts
 Snake:2: 2276 daAuts
